 Dungeon Crawl Stone Soup version 0.29.0-4-gdea44cf6ec (webtiles) character file.

Game seed: 18211157408393227617

77 qw the Chopper (level 4, -2/26 HPs)
             Began as a Tengu Warper on Aug 28, 2022.
             Slain by a gnoll
             ... wielding a +0 spear
              (3 damage)
             ... on level 3 of the Dungeon.
             The game lasted 00:00:12 (2044 turns).

qw the Chopper (Tengu Warper)                       Turns: 2044, Time: 00:00:12

Health: -2/26      AC:  7    Str: 13    XL:     4   Next: 33%
Magic:  8/8        EV:  9    Int: 13    God:
Gold:   68         SH:  0    Dex: 14    Spells: 7/7 levels left

rFire   . . .      SeeInvis +   Y - +1 hand axe
rCold   . . .      Faith    .   (no shield)
rNeg    . . .      Spirit   .   e - +0 scale mail
rPois   .          Reflect  .   (helmet restricted)
rElec   .          Harm     .   (no cloak)
rCorr   .          Rampage  .   g - +0 pair of gloves
Will    .....                   (boots unavailable)
Stlth   ..........              (no amulet)
HPRegen 0.08/turn               k - ring of see invisible
MPRegen 0.11/turn               (no ring)

@: no status effects
A: beak, talons 3
a: no special abilities


You were on level 3 of the Dungeon.
You visited 1 branch of the dungeon, and saw 3 of its levels.

You collected 68 gold pieces.


Innate Abilities, Weirdness & Mutations

You have a beak for a mouth.
You have claws for feet.


   Skills:
 - Level 2.0 Fighting
 + Level 4.9 Axes
 - Level 1.0 Throwing
 - Level 1.1 Armour
 - Level 2.1 Dodging
 - Level 2.0 Spellcasting
 - Level 2.4 Translocations


You had 7 spell levels left.
You didn't know any spells.
Your spell library contained the following spells:

 Spells                   Type           Power      Damage    Failure   Level
 Blink                    Tloc           14%        N/A       56%         2
 Gell's Gravitas          Tloc           7%         N/A       80%         3
 Lesser Beckoning         Tloc           7%         N/A       80%         3
 Teleport Other           Tloc           7%         N/A       80%         3
 Manifold Assault         Tloc           7%         N/A       100%        5

Inventory:

Hand Weapons
 i - a +0 whip
 Y - a +1 hand axe (weapon)
Armour
 e - a +0 scale mail (worn)
 g - a +0 pair of gloves (worn)
Jewellery
 k - a ring of see invisible (left hand)
Scrolls
 f - 2 scrolls of teleportation
 j - a scroll of identify
Potions
 a - a potion of might {unknown}
 b - a potion of mutation {unknown}
 d - a potion of heal wounds
 h - a potion of berserk rage {unknown}
 l - 2 potions of curing {unknown}
 m - a potion of flight {unknown}

Dungeon Overview and Level Annotations

Branches:
Dungeon (3/15)

Altars:


Message History

A gnoll comes into view. It is wielding a +0 flail.
Found a throwing net.
A gnoll comes into view. It is wielding a +0 spear.
The gnoll shouts!
The gnoll hits you with a +0 whip.
There is an open door here.
You barely miss the gnoll. You claw the gnoll.
The gnoll is lightly wounded.
The gnoll hits you with a +0 whip.
You hit the gnoll but do no damage.
The gnoll is lightly wounded.
The gnoll hits you with a +0 whip.
You barely miss the gnoll. You peck the gnoll.
The gnoll is lightly wounded.
You hit the gnoll. You claw the gnoll! You peck the gnoll, but do no damage.
The gnoll is severely wounded.
You hit the gnoll.
The gnoll is severely wounded.
The gnoll barely misses you.
You hit the gnoll but do no damage. You claw the gnoll.
You kill the gnoll!
You have reached level 4!
You feel agile.
You hit the gnoll. You claw the gnoll.
The gnoll is almost dead.
The gnoll hits you but does no damage. x2
You barely miss the gnoll. Your kick misses the gnoll.
The gnoll is almost dead.
The gnoll hits you with a +0 whip.
The gnoll hits you from afar with a +0 spear.
You hit the gnoll but do no damage. You claw the gnoll.
You kill the gnoll!
The gnoll hits you but does no damage. The gnoll closely misses you.
The gnoll hits you from afar with a +0 spear.
Items here: % ( )).
You hit the gnoll. You claw the gnoll. You punch the gnoll.
The gnoll is almost dead.
The gnoll hits you with a +0 spear!
The gnoll hits you from afar with a +0 spear.
You die...

#......#.......##
........#.........#
#.......+.........+
##...#..#.........#
##.##..##.......##
.......###.....##
## ###. ##...##
##'## #@# #g# #g#
... ..( #...# .....
##..#


You could see 2 gnolls.

Vanquished Creatures
  2 gnolls (D:3)
  An adder (D:2)
  A worm (D:2)
  A bat (D:1)
  7 endoplasms
  A giant cockroach (D:2)
  7 goblins
  4 hobgoblins
  2 jackals (D:1)
  9 ball pythons
  3 frilled lizards (D:2)
  A kobold (D:1)
  3 rats
42 creatures vanquished.

Notes
Turn   | Place    | Note
-------+----------+-------------------------------------------
     0 | D:1      | qw the Tengu Warper began the quest for the Orb.
     0 | D:1      | Reached XP level 1. HP: 12/12 MP: 4/4
     0 | D:1      | 0 ||| qw: Version: 0.1-a-89-g26bdef1
     0 | D:1      | 0 ||| qw: Game counter: 2708
     0 | D:1      | 0 ||| qw: Always use a shield: true
     0 | D:1      | 0 ||| qw: God list: Okawaru
     0 | D:1      | 0 ||| qw: Allow faded altars: false
     0 | D:1      | 0 ||| qw: Do Orc after D:15 true
     0 | D:1      | 0 ||| qw: Do second Lair branch before Depths: true
     0 | D:1      | 0 ||| qw: Lair rune preference: random
     0 | D:1      | 0 ||| qw: Plans: Normal
     0 | D:1      | 0 ||| PLANNING D:1-11
   108 | D:1      | 108 ||| DROPPING +0 club.
   228 | D:1      | Reached skill level 3 in Axes
   228 | D:1      | Reached XP level 2. HP: 17/17 MP: 6/6
   232 | D:1      | 232 ||| Stepping ~*~*~tactically~*~*~ (stealth).
   257 | D:1      | 257 ||| Stepping ~*~*~tactically~*~*~ (stealth).
   258 | D:1      | 258 ||| Stepping ~*~*~tactically~*~*~ (stealth).
   265 | D:1      | 265 ||| Stepping ~*~*~tactically~*~*~ (stealth).
   268 | D:1      | 268 ||| Stepping ~*~*~tactically~*~*~ (stealth).
   269 | D:1      | 269 ||| Stepping ~*~*~tactically~*~*~ (stealth).
   304 | D:1      | 304 ||| Stepping ~*~*~tactically~*~*~ (stealth).
  1040 | D:1      | Found a faded altar of an unknown god.
  1067 | D:1      | 1067 ||| DROPPING orb of guile.
  1068 | D:1      | 1068 ||| DROPPING ring of wizardry.
  1069 | D:1      | 1069 ||| READING scroll labelled MIEPOI UHUN.
  1070 | D:1      | 1070 ||| READING 3 scrolls labelled LIBINU DIEDOIPT.
  1073 | D:1      | 1073 ||| READING scroll labelled BEFYUV KEGRATE.
  1074 | D:1      | 1074 ||| READING 3 scrolls labelled NYKLIU CORO.
  1075 | D:1      | 1075 ||| READING scroll labelled QAHACZ ERYJO.
  1076 | D:1      | 1076 ||| READING 2 scrolls of identify.
  1076 | D:1      | 1076 ||| IDENTIFYING yellow potion
  1077 | D:1      | 1077 ||| DROPPING scroll of blinking.
  1138 | D:2      | Reached XP level 3. HP: 21/21 MP: 7/7
  1239 | D:2      | 1239 ||| Stepping ~*~*~tactically~*~*~ (stealth).
  1244 | D:2      | Reached skill level 4 in Axes
  1299 | D:2      | 1299 ||| Stepping ~*~*~tactically~*~*~ (stealth).
  1336 | D:2      | 1336 ||| Stepping ~*~*~tactically~*~*~ (stealth).
  1338 | D:2      | 1338 ||| Stepping ~*~*~tactically~*~*~ (stealth).
  1579 | D:2      | 1579 ||| Stepping ~*~*~tactically~*~*~ (stealth).
  1802 | D:2      | 1802 ||| Stepping ~*~*~tactically~*~*~ (stealth).
  1803 | D:2      | 1803 ||| Stepping ~*~*~tactically~*~*~ (stealth).
  1927 | D:2      | 1927 ||| DROPPING scarf of invisibility.
  1928 | D:2      | 1928 ||| UPGRADING to +0 scale mail.
  1938 | D:2      | 1938 ||| DROPPING +0 leather armour.
  1939 | D:2      | 1939 ||| UPGRADING to +0 pair of gloves.
  1944 | D:2      | 1944 ||| UPGRADING to ring of see invisible.
  1945 | D:2      | 1945 ||| READING scroll labelled JOSAIHU ULOCE.
  2040 | D:3      | Reached XP level 4. HP: 16/26 MP: 8/8
  2044 | D:3      | HP: 1/26 [gnoll/+0 spear (7)]
  2044 | D:3      | Slain by a gnoll

Levels and vault maps discovered:
D:1:      minmay_arrival_open_corners, layout_loops_corners,
          dreamdust_ecumenical_altar_statues, minivault_5,
          minmay_misc_feat_cross
D:2:      minmay_angry_zag, layout_basic, minmay_pentomino_t2
D:3:      layout_loops_corners, mainiacjoe_overflow_alcove_4,
          amcnicky_altar_gilded, mainiacjoe_overflow_24_doors

Skill      XL: |  1  2  3 |
---------------+----------+-----
Axes           | 3 4 |  4.9
Fighting       | |  2.0
Throwing       | |  1.0
Armour         | |  1.1
Dodging        | |  2.1
Spellcasting   | |  2.0
Translocations | |  2.4

Action                   |  1- 3 |  4- 6 || total
-------------------------+-------+-------++-------
Melee: Hand axe          |    85 |     4 ||    89
       Kick              |    19 |     3 ||    22
       Peck              |     8 |       ||     8
       Punch             |       |     1 ||     1
Throw: Boomerang         |     7 |       ||     7
  Use: Scroll            |     7 |       ||     7
Armor: Leather armour    |    12 |       ||    12
       Scale mail        |       |     3 ||     3
Dodge: Dodged            |    42 |     1 ||    43

Table legend:
 A = Non-vault XP
 B = Vault XP
 C = Vault XP percentage of total XP
 D = Non-vault monster count
 E = Vault monster count
 F = Vault count percentage of total count
                 A         B        C        D         E       F
            +---------+---------+-------+---------+---------+-------
      Total |     102 |       8 |   7.3 |      37 |       5 |  11.9
            +---------+---------+-------+---------+---------+-------
        D:1 |      29 |       0 |   0.0 |      16 |       0 |   0.0
        D:2 |      40 |       8 |  16.7 |      16 |       5 |  23.8
        D:3 |      33 |       0 |   0.0 |       5 |       0 |   0.0
            +---------+---------+-------+---------+---------+-------
